 Dungeon Crawl Stone Soup version 0.28.0-43-g3370ac3207 (webtiles) character file.

Game seed: 1643015968229116140

66 Zonian the Chopper (level 3, -7/28 HPs)
             Began as a Demonspawn Gladiator on Mar 6, 2022.
             Was a Follower of Qazlal.
             Mangled by an orc wizard
             ... wielding a +2 dagger of electrocution
              (15 damage)
             ... on level 3 of the Dungeon.
             The game lasted 00:02:25 (2317 turns).

Zonian the Chopper (Demonspawn Gladiator)           Turns: 2317, Time: 00:02:26

Health: -7/28      AC:  6    Str: 14    XL:     3   Next: 96%
Magic:  3/3        EV: 12    Int:  9    God:    Qazlal [*.....]
Gold:   104        SH:  0    Dex: 16    Spells: 2/2 levels left

rFire   . . .      SeeInvis .   a - +0 war axe
rCold   . . .      Faith    .   (no shield)
rNeg    . . .      Spirit   .   b - +0 leather armour
rPois   .          Reflect  .   c - +0 helmet
rElec   .          Harm     .   (no cloak)
rCorr   .          Rampage  .   (no gloves)
Will    .....                   (no boots)
Stlth   +.........              (no amulet)
HPRegen 0.09/turn               (no ring)
MPRegen 0.08/turn               (no ring)

@: confused
A: slimy green scales 1
a: Renounce Religion


You were on level 3 of the Dungeon.
You worshipped Qazlal.
Qazlal was aware of your devotion.
You visited 1 branch of the dungeon, and saw 3 of its levels.

You collected 104 gold pieces.

Inventory:

Hand Weapons
 a - a +0 war axe (weapon)
Missiles
 d - 3 throwing nets (quivered)
 j - 4 poisoned darts
Armour
 b - a +0 leather armour (worn)
 c - a +0 helmet (worn)
Scrolls
 e - a scroll of fear {unknown}
 g - 2 scrolls of enchant weapon {unknown}
 h - a scroll of immolation {unknown}
 k - a scroll of magic mapping {unknown}
Potions
 i - a potion of degeneration {unknown}
 l - a potion of resistance {unknown}
 m - a potion of lignification {unknown}


   Skills:
 + Level 2.7 Fighting
 + Level 3.2 Axes
 + Level 2.4 Throwing
 + Level 3.2 Dodging
 + Level 0.2 Invocations


You had 2 spell levels left.
You didn't know any spells.
Your spell library contained the following spells:

 Spells                   Type           Power      Damage    Failure   Level
 Magic Dart               Conj           0%         1d3       45%         1
 Searing Ray              Conj           0%         2d4       61%         2
 Fulminant Prism          Conj/Hex       0%         3d6       99%         4


Dungeon Overview and Level Annotations

Branches:
Dungeon (3/15)

Altars:
Qazlal


Innate Abilities, Weirdness & Mutations

You are partially covered in slimy green scales. (AC +2)


Message History

The hobgoblin hits you. The hobgoblin misses you.
You hit the hobgoblin.
You kill the hobgoblin!
Qazlal accepts your kill.
No target in view!
Unknown command.
m - a bubbling blue potion Unknown command.
HP restored.
An orc wizard comes into view.
It is wielding a +2 dagger of electrocution.
Found 18 gold pieces and a ring mail.
The orc wizard shouts!
An orc wizard is nearby!
Unknown command.
There is a stone staircase leading up here.
The orc wizard gestures wildly while chanting.
The orc wizard flickers and vanishes!
Deactivating autopickup; reactivate with Ctrl-A.
Something hits you.
You are electrocuted!!
Ouch! That really hurt!
* * * LOW HITPOINT WARNING * * *
You are too injured to fight recklessly!
Unknown command.
You hit something. Something hits you but does no damage.
You hear some strange, mumbled words.
Something tries to affect you, but you resist.
Okay, then.
You slash something! You block something's attack.
You miss something.
You hear some strange, mumbled words.
You are confused.
It was a potion of heal wounds.
You feel much better. Something hits you but does no damage.
You are electrocuted!!
Ouch! That really hurt!
* * * LOW HITPOINT WARNING * * *
You bump into the rock wall.
Something hits you but does no damage.
You barely miss something. Something hits you but does no damage.
You are electrocuted!
Ouch! That really hurt!
You die...

........##### ..$...[
............## .o.....
........###..# .....$.
#######.####.###.........
#######..###............#
.....###.....#####.......
####....###.............#
####†##..##.{#########
#........#.@..<..###
##.######.......#...########
#).# #####...###........#
###.## ##........†.<....
###...# #^...###........#
....### ###....# #........#
.#### #.>....# #........# .#
######.###### #........# .#
#......# ##########


There were no monsters in sight!

Vanquished Creatures
  3 adders (D:2)
  A worm (D:2)
  A dart slug (D:2)
  6 ball pythons
  6 bats
  3 endoplasms
  2 giant cockroaches (D:2)
  2 goblins
  3 hobgoblins
  3 quokkas
  2 frilled lizards
  A kobold (D:2)
  2 rats (D:1)
35 creatures vanquished.

Notes
Turn   | Place    | Note
-------+----------+-------------------------------------------
     0 | D:1      | Zonian the Demonspawn Gladiator began the quest for the
                  | Orb.
     0 | D:1      | Reached XP level 1. HP: 16/16 MP: 1/1
   484 | D:1      | Gained mutation: You are partially covered in slimy green
                  | scales. (AC +2) [demonic ancestry]
   484 | D:1      | Reached XP level 2. HP: 21/22 MP: 2/2
  1162 | D:2      | Reached XP level 3. HP: 23/28 MP: 3/3
  1459 | D:2      | Found a faded altar of an unknown god.
  1465 | D:2      | Prayed at the altar of an unknown god.
  1465 | D:2      | Became a worshipper of Qazlal Stormbringer
  1465 | D:2      | Reached * piety under Qazlal
  2317 | D:3      | Mangled by an orc wizard

Illustrated notes

Levels and vault maps discovered:
D:1:      eino_arrival_water_cross, layout_loops_corners
D:2:      kennysheep_big_flooded_room, layout_loops_ring,
          nicolae_ecumenical_lake_church
D:3:      minmay_octagon_keep, layout_rooms, uniq_jessica

Skill      XL: |  1  2 |
---------------+-------+-----
Throwing       | 2 |  2.4
Axes           | 3 |  3.2
Dodging        | 3 |  3.2
Fighting       | |  2.7
Invocations    | |  0.2

Action                   || total
-------------------------++-------
Melee: War axe           ||    85
  Use: Potion            ||     1
 Stab: Sleeping          ||     1
Armor: Leather armour    ||    43
Dodge: Dodged            ||    72
Block: Other             ||     2
